 Dungeon Crawl Stone Soup version 0.23.2-1-ga50397a6bc (webtiles) character file.

Game seed: 16580689028294373879

1201 Mrkan the Cudgeler (level 8, -12/67 HPs)
             Began as a Troll Monk on May 31, 2019.
             Was a Priest of Hepliaklqana.
             Mangled by an orc warrior
             ... wielding a +0 battleaxe
              (13 damage)
             ... on level 6 of the Dungeon.
             The game lasted 00:16:53 (4847 turns).

Mrkan the Cudgeler (Troll Monk)                     Turns: 4847, Time: 00:16:53

Health: -12/67     AC:  8    Str: 20      XL:     8   Next: 21%
Magic:  9/9        EV: 10    Int:  6      God:    Hepliaklqana [***...]
Gold:   314        SH:  0    Dex: 14 (17) Spells: 7/7 levels left

rFire    . . .     SeeInvis .   q - +0 dire flail
rCold    + . .     Gourm    +   (shield currently unavailable)
rNeg     . . .     Faith    .   a - +0 robe
rPois    .         Spirit   .   t - +2 hat
rElec    .         Reflect  .   (no cloak)
rCorr    .         Harm     .   (gloves unavailable)
MR       .....                  (boots unavailable)
Stlth    ++........             (no amulet)
HPRegen  0.61/turn              j - +3 ring of dexterity
MPRegen  0.11/turn              w - ring of protection from cold

@: no status effects
A: large, unfitting armour, reduced essence, claws 3, fast metabolism 3,
gourmand, regeneration 1, shaggy fur 1, tough skin 3
a: Recall Ancestor, Ancestor Identity, Transference, Renounce Religion


You were on level 6 of the Dungeon.
You worshipped Hepliaklqana.
Hepliaklqana was most pleased with you.
You were very full.

You visited 1 branch of the dungeon, and saw 6 of its levels.

You collected 314 gold pieces.

Inventory:

Hand Weapons
 c - a +0 whip
 i - a +0 whip of draining
 q - a +0 dire flail (weapon)
Armour
 a - a +0 robe (worn)
 k - a +2 robe of fire resistance
 t - a +2 hat (worn)
Jewellery
 j - a +3 ring of dexterity (left claw)
 o - an uncursed ring of protection from fire
 w - a ring of protection from cold (right claw)
Wands
 x - a wand of disintegration (14)
 y - a wand of paralysis (7)
 A - a wand of polymorph (10)
Scrolls
 d - 2 scrolls of blinking
 f - 2 scrolls of amnesia
 h - 4 scrolls of enchant armour
 l - 3 scrolls of remove curse
 n - a scroll of identify
 v - 2 scrolls of noise
Potions
 e - 4 potions of curing
 g - a potion of invisibility
 m - a potion of heal wounds
 r - 2 potions of degeneration
 z - 2 potions of haste
Comestibles
 b - 22 rations
 p - 5 chunks of flesh


   Skills:
 + Level 3.5 Fighting
 - Level 7.5 Maces & Flails
 - Level 2.4 Dodging
 - Level 1.0 Stealth
 - Level 3.1 Unarmed Combat
 + Level 3.5 Invocations


You had 7 spell levels left.
You didn't know any spells.
Your spell library was empty.

Dungeon Overview and Level Annotations

Branches:
Dungeon (6/15)             Temple (0/1) D:5

Altars:
Ashenzari
Gozag
Hepliaklqana
Kikubaaqudgha
Makhleb
Ru
Sif Muna
Yredelemnul

Shops:
D:6 =

Annotations:
D:6 Edmund


Innate Abilities, Weirdness & Mutations

You are too large for most types of armour.
You have claws for hands.
Your metabolism is lightning-fast.
You like to eat raw meat.
Your natural rate of healing is unusually fast.
You are covered in fur. (AC +1)
You have extremely tough skin. (AC +3)
Your life essence is reduced to manifest your ancestor. (-10% HP)


Message History

The orc warrior hits Grol with a +0 battleaxe!
The quasit bites you but does no damage.
The quasit claws you but does no damage.
The quasit closely misses you.
Edmund hits you with a +1 flail of holy wrath!
* * * LOW HITPOINT WARNING * * *
You feel much better. The quasit closely misses you.
The quasit barely misses you. The quasit closely misses you.
The orc warrior hits you with a +0 battleaxe!!
* * * LOW HITPOINT WARNING * * *
The orc warrior barely misses Grol.
You hit the quasit but do no damage.
Edmund says, "I might not be good at magic, but I can still kill you!"
Edmund barely misses you. The quasit bites you.
* * * LOW HITPOINT WARNING * * *
The quasit claws you but does no damage.
The quasit barely misses you.
You hit the quasit but do no damage. The quasit closely misses you. x3
The orc warrior hits you with a +0 battleaxe!
You die...

#' . #.# # #.# #
#####.## # #
.......## #####.#
#####
#.....####......#
#....
...##....##..).....#
#.###
......>...@Ro..# #.#
# ..##.#.###@####
#.# # #.# #5# #.# #
#[# #.. #.# #.# ####
#.### #.# #.... #.#
###.. #.# #.# #.#
#.# ######.#######
#.#


You could see the friendly Grol the hexer, Edmund, an orc warrior and a quasit.

Vanquished Creatures
  An orc warrior (D:6)
  An ice beast (D:5)
  2 howler monkeys
  2 crimson imps (D:5)
  An orc priest (D:6)
  2 centaur zombies
  3 hounds
  A gnoll shaman (D:6)
  4 orc wizards
  An iguana (D:4)
  Natasha (thrice) (D:2)
  A hound zombie (D:5)
  A hound skeleton (D:4)
  Robin (D:3)
  9 adders
  4 gnolls
  A shadow imp (D:5)
  An ooze (D:5)
  2 worms (D:3)
  2 dart slugs (D:2)
  7 leopard geckos
  14 orcs
  4 giant cockroaches
  16 goblins
  11 hobgoblins
  12 jackals
  5 quokkas (D:2)
  9 bats
  4 frilled lizards
  9 kobolds
  A quokka skeleton (D:4)
  5 rats
140 creatures vanquished.

Vanquished Creatures (collateral kills)
  A bullfrog (D:6)
  A crimson imp (D:5)
  An adder (D:4)
  A leopard gecko (D:3)
  4 orcs
  A giant cockroach (D:4)
  A quokka (D:4)
  A bat (D:3)
  A goblin (D:3)
12 creatures vanquished.

Vanquished Creatures (others)
  A black bear (D:6)
  An orc priest (D:6)
  An orc wizard (D:6)
  A worker ant (D:6)
  A hexer (D:6)
  A leopard gecko (D:6)
6 creatures vanquished.

Grand Total: 158 creatures vanquished

Notes
Turn   | Place    | Note
-------+----------+-------------------------------------------
     0 | D:1      | Mrkan the Troll Monk began the quest for the Orb.
     0 | D:1      | Reached XP level 1. HP: 22/22 MP: 0/0
   110 | D:1      | Reached skill level 1 in Maces & Flails
   151 | D:1      | Reached XP level 2. HP: 27/29 MP: 1/1
   246 | D:1      | Reached skill level 2 in Maces & Flails
   398 | D:1      | Reached XP level 3. HP: 36/36 MP: 2/2
   907 | D:2      | Noticed Natasha
   911 | D:2      | Killed Natasha
   911 | D:2      | Reached skill level 3 in Maces & Flails
   911 | D:2      | Reached XP level 4. HP: 41/44 MP: 3/3
   917 | D:2      | Noticed Natasha
   926 | D:2      | Killed Natasha
  1029 | D:2      | Noticed Natasha
  1067 | D:2      | Killed Natasha
  1067 | D:2      | Reached skill level 4 in Maces & Flails
  1107 | D:2      | Found an opulent altar of Gozag.
  1109 | D:2      | Found an ancient bone altar of Kikubaaqudgha.
  1181 | D:2      | Reached XP level 5. HP: 50/50 MP: 4/4
  1470 | D:3      | Found a hazy altar of Hepliaklqana.
  1488 | D:3      | Became a worshipper of Hepliaklqana the Forgotten
  1488 | D:3      | Reached * piety under Hepliaklqana
  1488 | D:3      | Reached ** piety under Hepliaklqana
  1489 | D:3      | Remembered your ancestor Grol as a hexer
  1515 | D:3      | Found a basalt altar of Yredelemnul.
  1515 | D:3      | Found a deep blue altar of Sif Muna.
  1752 | D:3      | Noticed Robin
  1761 | D:3      | Killed Robin
  1761 | D:3      | Reached skill level 5 in Maces & Flails
  1861 | D:3      | You fall through a shaft for 3 floors!
  1891 | D:6      | Killed a black bear
  1983 | D:6      | Noticed a black bear
  1984 | D:5      | Entered Level 5 of the Dungeon
  1987 | D:5      | Found a staircase to the Ecumenical Temple.
  2065 | D:5      | Reached XP level 6. HP: 47/53 MP: 5/5
  2083 | D:5      | HP: 1/53 [orc/steel tomahawk (3)]
  2253 | D:5      | Reached skill level 6 in Maces & Flails
  2411 | D:5      | Noticed an ice beast
  2440 | D:5      | Reached XP level 7. HP: 56/59 MP: 6/6
  2548 | D:3      | Reached *** piety under Hepliaklqana
  2554 | D:3      | Found a sacrificial altar of Ru.
  2713 | D:3      | Found a burning altar of Makhleb.
  3136 | D:4      | Found a shattered altar of Ashenzari.
  3421 | D:4      | Reached skill level 7 in Maces & Flails
  3421 | D:4      | Reached skill level 1 in Invocations
  4092 | D:5      | Found a deep blue altar of Sif Muna.
  4484 | D:6      | Reached XP level 8. HP: 62/67 MP: 7/9
  4704 | D:6      | Found Ejyn's Jewellery Shop.
  4830 | D:6      | Noticed Edmund
  4845 | D:6      | HP: 1/67 [orc warrior/+0 battleaxe (21)]
  4847 | D:6      | Mangled by an orc warrior

Skill      XL: |  1  2  3  4  5  6  7  8 |
---------------+-------------------------+-----
Maces & Flails | 1 2 3 4 5 6 7 |  7.5
Invocations    | 2 3 |  3.5
Fighting       | 3 |  3.5
Dodging        | |  2.4
Stealth        | |  1.0
Unarmed Combat | |  3.1

Action                   |  1- 3 |  4- 6 |  7- 9 || total
-------------------------+-------+-------+-------++-------
Melee: Unarmed           |    82 |   231 |   120 ||   433
       Punch             |       |     2 |     2 ||     4
       Dire flail        |       |       |    71 ||    71
Invok: Ancestor Life: He |       |     1 |       ||     1
       Ancestor Identity |       |     1 |       ||     1
  Use: Potion            |       |     2 |     5 ||     7
       Scroll            |       |       |    13 ||    13
 Stab: Sleeping          |     1 |     2 |     2 ||     5
       Confused          |       |     1 |       ||     1
  Eat: Chunk             |    12 |    16 |    22 ||    50
Armor: Robe              |    28 |   109 |    68 ||   205
Dodge: Dodged            |    32 |   157 |   118 ||   307
